 Dungeon Crawl Stone Soup version 0.29.1-4-g47bece8355 (webtiles) character file.

Game seed: 14128668748443182630

36 KittyFluff the Trooper (level 3, -1/36 HPs)
             Began as a Gargoyle Berserker on Dec 3, 2022.
             Was a Follower of Trog.
             Killed from afar by Natasha (11 damage)
             ... with a magic dart
             ... on level 2 of the Dungeon.
             The game lasted 00:06:04 (1434 turns).

KittyFluff the Trooper (Gargoyle Berserker)         Turns: 1434, Time: 00:06:05

Health: -1/36      AC:  6    Str: 32    XL:     3   Next: 37%
Magic:  3/3        EV: 12    Int:  7    God:    Trog [*.....]
Gold:   104        SH:  0    Dex: 11    Spells: 2/2 levels left

rFire   . . .      SeeInvis .   a - +0 mace
rCold   . . .      Faith    .   (no shield)
rNeg    + . .      Spirit   .   b - +0 animal skin
rPois   ∞          Reflect  .   (no helmet)
rElec   +          Harm     .   (no cloak)
rCorr   .          Rampage  .   (no gloves)
Will    .....                   f - +0 pair of boots
Stlth   ..........              (no amulet)
HPRegen 0.12/turn               c - +6 ring of strength
MPRegen 0.08/turn               k - +6 ring of strength

@: berserking, slowed
A: sickness immunity, AC +3, negative energy resistance 1, electricity
resistance, torment resistance 1, petrification resistance
a: Renounce Religion, Berserk


You were on level 2 of the Dungeon.
You worshipped Trog.
Trog was aware of your devotion.
You visited 1 branch of the dungeon, and saw 2 of its levels.

You collected 104 gold pieces.

Inventory:

Hand Weapons
 a - a +0 mace (weapon)
 l - a +0 morningstar
Missiles
 e - 5 stones (quivered)
Armour
 b - a +0 animal skin (worn)
 f - a +0 pair of boots (worn)
Magical Staves
 h - a staff of conjuration
Jewellery
 c - a +6 ring of strength (left hand)
 k - a +6 ring of strength (right hand)
Scrolls
 g - a scroll of poison {unknown}
 i - a scroll of immolation {unknown}
Potions
 d - 2 potions of heal wounds {unknown}
 j - a potion of might {unknown}


   Skills:
 + Level 3.7 Fighting
 + Level 3.7 Maces & Flails
 + Level 2.2 Armour
 + Level 2.0 Dodging


You had 2 spell levels left.
You didn't know any spells.
Your spell library was empty.

Dungeon Overview and Level Annotations

Branches:
Dungeon (2/15)

Altars:

Annotations:
D:2 Natasha, Robin


Innate Abilities, Weirdness & Mutations

You are immune to sickness and miasma.
Your stone body is resilient. (AC +3)
You are immune to poison.
You resist negative energy. (rN+)
You are resistant to electric shocks. (rElec)
You are resistant to unholy torment.
You are immune to petrification.


Message History

You closely miss the shadow imp.
Natasha casts a spell.
The shadow imp hits you.
You sock the shadow imp!
You kill the shadow imp!
The shadow imp disappears in a puff of smoke!
Natasha casts a spell at you. The magic dart hits you.
The crimson imp blinks!
The iron imp hits you. Natasha casts a spell at you.
You feel yourself slow down.
You hit Natasha.
Natasha is moderately wounded.
Natasha misses you. The iron imp closely misses you. Natasha barely misses you.
The crimson imp blinks!
The iron imp hits you.
You barely miss Natasha.
Natasha is moderately wounded.
Natasha misses you.
The iron imp hits you but does no damage.
Natasha claws you but does no damage.
You hit Natasha.
Natasha is severely wounded.
Natasha barely misses you. The iron imp closely misses you.
Natasha claws you but does no damage. The iron imp closely misses you.
A red film seems to cover your vision as you go berserk!
You feel yourself moving faster!
You feel mighty!
Natasha stares at you and mumbles some strange words.
The magic dart hits you.
The iron imp hits you but does no damage.
You hit Natasha.
Natasha is almost dead.
Natasha claws you.
* * * LOW HITPOINT WARNING * * *
The iron imp hits you but does no damage.
Natasha claws you but does no damage.
You closely miss Natasha.
Natasha is severely wounded.
The iron imp closely misses you.
Natasha stares at you and mumbles some strange words.
The magic dart hits you!
You die...

####.# #.# #.# #†# #.# #.#
##### #.# #.#### ..... ####.#
#....# ..... #....# ####.#
#### #.#..#### .###.## ##.#
#.. ....#
####..####..###5###.# #...#
..........#.....@h5.# #...#
##.##.##.###.##.##### #...#
...#.##.## ##...# #...+ #...#
##.###.############...#
#########.#.................#
.##.<.# ##.###############..#
.##.#.####.######## #..#
.##.#.............########..#
.##.######.######.##........#


You could see an iron imp (summoned), Natasha and a crimson imp (summoned).

Vanquished Creatures
  2 adders (D:2)
  A dart slug (D:2)
  2 bats
  2 endoplasms
  A hobgoblin (D:1)
  4 ball pythons
  A goblin (D:1)
  3 kobolds
  3 rats
19 creatures vanquished.

Notes
Turn   | Place    | Note
-------+----------+-------------------------------------------
     0 | D:1      | KittyFluff the Gargoyle Berserker began the quest for the
                  | Orb.
     0 | D:1      | Reached XP level 1. HP: 14/14 MP: 1/1
   600 | D:1      | Found a faded altar of an unknown god.
   677 | D:1      | Reached XP level 2. HP: 19/19 MP: 2/2
  1011 | D:2      | Reached XP level 3. HP: 24/24 MP: 3/3
  1147 | D:2      | Noticed Robin
  1423 | D:2      | Noticed Natasha
  1434 | D:2      | Killed from afar by Natasha

Illustrated notes

Levels and vault maps discovered:
D:1:      grunt_arrival_crossed_arrows, layout_basic,
          hellmonk_ecumenical_altar_crossroads, minmay_hexomino_f4
D:2:      cheibrodos_pilgrimage, layout_loops_ring, minmay_quadrilaterals,
          uniq_robin, uniq_natasha

Skill      XL: |  1  2 |
---------------+-------+-----
Dodging        | 2 |  2.0
Fighting       | |  3.7
Maces & Flails | |  3.7
Armour         | |  2.2

Action                   || total
-------------------------++-------
Melee: Mace              ||    43
Throw: Stone             ||     4
Invok: Berserk           ||     1
Armor: Animal skin       ||    19
Dodge: Dodged            ||    29
